 Dungeon Crawl Stone Soup version 0.22.0 (webtiles) character file.

1423 Blackhawk the Shield-Bearer (level 8, -3/67 HPs)
             Began as a Gnoll Fighter on Oct 21, 2018.
             Slain by an orc warrior
             ... wielding a +0 glaive
              (13 damage)
             ... on level 6 of the Dungeon.
             The game lasted 00:10:23 (5684 turns).

Blackhawk the Shield-Bearer (Gnoll Fighter)         Turns: 5684, Time: 00:10:24

Health: -3/67      AC: 16    Str: 20    XL:     8   Next: 72%
Magic:  13/13      EV:  6    Int: 12    God:
Gold:   73         SH: 16    Dex: 14    Spells: 13/13 levels left

rFire    . . .     SeeInvis .   a - +0 war axe
rCold    + . .     Gourm    .   F - +0 large shield
rNeg     . . .     Faith    .   E - +3 chain mail of the Catfish {rC+ Int+2 Dex-2}
rPois    .         Spirit   .   A - +0 helmet
rElec    .         Reflect  .   (no cloak)
rCorr    .         Harm     .   (no gloves)
MR       .....                  z - +0 pair of boots
Stlth    ..........             (no amulet)
HPRegen  0.21/turn              (no ring)
MPRegen  0.13/turn              (no ring)

@: no status effects
A: distributed training, fangs 1, strong nose
a: no special abilities


You were on level 6 of the Dungeon.
You were not hungry.

You visited 1 branch of the dungeon, and saw 6 of its levels.

You collected 263 gold pieces.
You spent 190 gold pieces at shops.

Inventory:

Hand Weapons
 a - a +0 war axe (weapon)
 e - a +0 hunting sling
 k - a +3 mace
Missiles
 p - 151 stones (quivered)
Armour
 b - a +0 scale mail
 c - a +0 shield
 z - a +0 pair of boots (worn)
 A - a +0 helmet (worn)
 E - the +3 chain mail of the Catfish (worn) {rC+ Int+2 Dex-2}
   (You bought it in a shop on level 5 of the Dungeon)

   It affects your intelligence (+2).
   It affects your dexterity (-2).
   It protects you from cold.
 F - a +0 large shield (worn)
Magical Staves
 D - an uncursed staff of summoning {unknown}
Wands
 u - a wand of digging (22)
 w - a wand of random effects (9)
Scrolls
 g - a scroll of fog {unknown}
 h - 4 scrolls of remove curse {unknown}
 i - 4 scrolls of identify {unknown}
 j - a scroll of blinking {unknown}
 n - 3 scrolls of immolation {unknown}
 o - 3 scrolls of teleportation {unknown}
 r - 3 scrolls of enchant weapon {unknown}
 x - a scroll of magic mapping {unknown}
 y - 2 scrolls of enchant armour {unknown}
 B - 2 scrolls of amnesia {unknown}
Potions
 d - a potion of might
 l - 3 potions of flight {unknown}
 m - 2 potions of haste {unknown}
 q - 2 potions of heal wounds {unknown}
 s - 2 potions of curing {unknown}
 t - 2 potions of agility
 v - a potion of brilliance {unknown}
 C - a potion of cancellation {unknown}
Comestibles
 f - 7 rations
 G - 3 chunks of flesh


   Skills:
 + Level 7.4 Fighting
 + Level 3.4 Short Blades
 + Level 3.4 Long Blades
 + Level 5.8 Axes
 + Level 3.4 Maces & Flails
 + Level 3.4 Polearms
 + Level 3.4 Staves
 + Level 3.4 Slings
 + Level 3.4 Bows
 + Level 3.4 Crossbows
 + Level 3.4 Throwing
 + Level 7.4 Armour
 + Level 3.4 Dodging
 + Level 3.4 Stealth
 + Level 7.4 Shields
 + Level 3.4 Unarmed Combat
 + Level 3.4 Spellcasting
 + Level 2.8 Conjurations
 + Level 2.8 Hexes
 + Level 2.8 Charms
 + Level 2.8 Summonings
 + Level 2.8 Necromancy
 + Level 2.8 Translocations
 + Level 2.8 Transmutations
 + Level 2.8 Fire Magic
 + Level 2.8 Ice Magic
 + Level 2.8 Air Magic
 + Level 2.8 Earth Magic
 + Level 2.8 Poison Magic
 + Level 3.8 Invocations
 + Level 3.4 Evocations


You had 13 spell levels left.
You didn't know any spells.
Your spell library was empty.

Dungeon Overview and Level Annotations

Branches:
Dungeon (6/15)             Temple (0/1) D:5

Altars:
Ashenzari
Fedhas
Uskayaw

Shops:
D:5 [


Innate Abilities, Weirdness & Mutations

Your experience applies equally to all skills.
You have very sharp teeth.
Your uncanny sense of smell can sniff out nearby items.


Message History

You are too injured to fight recklessly!
Your chain mail of the Catfish prevents you from hitting the howler monkey skeleton.
You hit the orc but do no damage. You block the orc's attack.
You block the howler monkey skeleton's attack.
The orc warrior hits you but does no damage.
You completely miss the howler monkey skeleton.
You bite the howler monkey skeleton.
The howler monkey skeleton is lightly damaged.
You hit the orc but do no damage. You block the orc's attack.
The howler monkey skeleton hits you but does no damage.
The orc hits you but does no damage.
The orc warrior hits you from afar with a glaive!
* * * LOW HITPOINT WARNING * * *
You block the howler monkey skeleton's attack.
You slash the howler monkey skeleton!
The howler monkey skeleton is heavily damaged.
You hit the orc but do no damage. The orc hits you but does no damage.
You block the howler monkey skeleton's attack.
The orc warrior hits you from afar with a glaive!
You die...

#######################
................@Z....#
................#o....#
................#.o...#
...####..###...####...#
#..####### #...####...#
.......... #......#
...+ ..........
#......# ..# ..........
#......# ..# ..........
#......#


You could see an orc warrior, an orc and a howler monkey skeleton.

Vanquished Creatures
  Menkaure (D:4)
  2 phantoms
  An ogre (D:5)
  A centaur (D:5)
  2 bullfrogs
  A wyvern skeleton (D:6)
  3 orc priests
  2 hounds (D:4)
  2 orc wizards
  A bullfrog skeleton (D:5)
  An iguana (D:6)
  Ijyb (D:4)
  Natasha (thrice) (D:4)
  4 worker ants
  Robin (D:4)
  4 gnolls
  12 adders
  An ooze (D:2)
  An adder skeleton (D:6)
  6 worms
  3 dart slugs
  6 leopard geckos
  16 orcs
  A ball python (D:1)
  8 giant cockroaches
  10 goblins
  15 hobgoblins
  6 jackals
  11 kobolds
  2 quokkas
  4 bats
  5 frilled lizards
  10 rats
147 creatures vanquished.

Notes
Turn   | Place    | Note
-------+----------+-------------------------------------------
     0 | D:1      | Blackhawk the Gnoll Fighter began the quest for the Orb.
     0 | D:1      | Reached XP level 1. HP: 23/23 MP: 1/1
   181 | D:1      | Reached XP level 2. HP: 29/29 MP: 2/2
   458 | D:1      | Reached XP level 3. HP: 34/35 MP: 3/3
   635 | D:1      | Reached skill level 1 in Invocations
  1116 | D:2      | Reached skill level 1 in Short Blades
  1116 | D:2      | Reached skill level 1 in Long Blades
  1116 | D:2      | Reached skill level 1 in Maces & Flails
  1116 | D:2      | Reached skill level 1 in Polearms
  1116 | D:2      | Reached skill level 1 in Staves
  1116 | D:2      | Reached skill level 1 in Slings
  1116 | D:2      | Reached skill level 1 in Bows
  1116 | D:2      | Reached skill level 1 in Crossbows
  1116 | D:2      | Reached skill level 1 in Throwing
  1116 | D:2      | Reached skill level 1 in Dodging
  1116 | D:2      | Reached skill level 1 in Stealth
  1116 | D:2      | Reached skill level 1 in Unarmed Combat
  1116 | D:2      | Reached skill level 1 in Spellcasting
  1116 | D:2      | Reached skill level 1 in Evocations
  1146 | D:2      | Reached XP level 4. HP: 38/41 MP: 5/5
  1293 | D:2      | Reached skill level 1 in Conjurations
  1293 | D:2      | Reached skill level 1 in Hexes
  1293 | D:2      | Reached skill level 1 in Charms
  1293 | D:2      | Reached skill level 1 in Summonings
  1293 | D:2      | Reached skill level 1 in Necromancy
  1293 | D:2      | Reached skill level 1 in Translocations
  1293 | D:2      | Reached skill level 1 in Transmutations
  1293 | D:2      | Reached skill level 1 in Fire Magic
  1293 | D:2      | Reached skill level 1 in Ice Magic
  1293 | D:2      | Reached skill level 1 in Air Magic
  1293 | D:2      | Reached skill level 1 in Earth Magic
  1293 | D:2      | Reached skill level 1 in Poison Magic
  1346 | D:2      | Reached XP level 5. HP: 40/47 MP: 6/6
  1775 | D:3      | Found a hide-covered altar of Uskayaw.
  1783 | D:3      | Noticed a dagger
  1783 | D:3      | Noticed a hand axe
  1840 | D:3      | Noticed a phantom
  1869 | D:3      | Killed a phantom
  1869 | D:3      | Reached XP level 6. HP: 39/53 MP: 8/8
  2171 | D:3      | Reached skill level 5 in Axes
  2979 | D:4      | Noticed a phantom
  2980 | D:4      | Noticed Menkaure
  2997 | D:4      | Killed Menkaure
  2997 | D:4      | Reached XP level 7. HP: 16/59 MP: 10/10
  3275 | D:4      | Noticed Natasha
  3283 | D:4      | Killed Natasha
  3473 | D:4      | Found a shattered altar of Ashenzari.
  3503 | D:4      | Noticed Natasha
  3530 | D:4      | Killed Natasha
  3663 | D:4      | Noticed Ijyb
  3681 | D:4      | Killed Ijyb
  3861 | D:4      | Noticed Robin
  3883 | D:4      | Killed Robin
  4088 | D:4      | Reached XP level 8. HP: 67/67 MP: 12/12
  4189 | D:4      | Noticed Natasha
  4197 | D:4      | Killed Natasha
  4445 | D:5      | Entered Level 5 of the Dungeon
  4568 | D:5      | Found a blossoming altar of Fedhas.
  4641 | D:5      | Found a staircase to the Ecumenical Temple.
  4789 | D:5      | Found Ynyv's Antique Armour Emporium.
  4792 | D:5      | Bought a polished chain mail for 190 gold pieces
  4802 | D:5      | Identified the +3 chain mail of the Catfish {rC+ Int+2 Dex-2} (You bought it in a shop on level 5 of the Dungeon)
  5684 | D:6      | Slain by an orc warrior

Skill      XL: |  1  2  3  4  5  6  7  8 |
---------------+-------------------------+-----
Invocations    | 1 2 3 |  3.8
Short Blades   | 1 2 3 |  3.4
Long Blades    | 1 2 3 |  3.4
Maces & Flails | 1 2 3 |  3.4
Polearms       | 1 2 3 |  3.4
Staves         | 1 2 3 |  3.4
Slings         | 1 2 3 |  3.4
Bows           | 1 2 3 |  3.4
Crossbows      | 1 2 3 |  3.4
Throwing       | 1 2 3 |  3.4
Dodging        | 1 2 3 |  3.4
Stealth        | 1 2 3 |  3.4
Unarmed Combat | 1 2 3 |  3.4
Spellcasting   | 1 2 3 |  3.4
Evocations     | 1 2 3 |  3.4
Conjurations   | 1 2 |  2.8
Hexes          | 1 2 |  2.8
Charms         | 1 2 |  2.8
Summonings     | 1 2 |  2.8
Necromancy     | 1 2 |  2.8
Translocations | 1 2 |  2.8
Transmutations | 1 2 |  2.8
Fire Magic     | 1 2 |  2.8
Ice Magic      | 1 2 |  2.8
Air Magic      | 1 2 |  2.8
Earth Magic    | 1 2 |  2.8
Poison Magic   | 1 2 |  2.8
Axes           | 5 |  5.8
Fighting       | 7 |  7.4
Armour         | 7 |  7.4
Shields        | 7 |  7.4

Action                   |  1- 3 |  4- 6 |  7- 9 || total
-------------------------+-------+-------+-------++-------
Melee: War axe           |    92 |   207 |   239 ||   538
       Bite              |    10 |    29 |    29 ||    68
  Eat: Chunk             |       |     7 |     9 ||    16
Armor: Scale mail        |    39 |    69 |    43 ||   151
       Chain mail        |       |       |    80 ||    80
Dodge: Dodged            |    25 |    52 |    67 ||   144
Block: Shield            |    68 |   138 |    88 ||   294
       Large shield      |       |       |    92 ||    92
